MLB
ARIZONA DIAMONDBACKS @ COLORADO ROCKIES
09/12/2018
 
TOP OF THE 1ST
Arizona Diamondbacks batting - Pitching for Colorado Rockies : LHP CC Sabathia
Pitching: LHP CC Sabathia
Batting: RHB Monte Harrison 0-0: Called Strike
0-1: Swinging Strike
0-2: Reached on error, E1 (Groundball, 15S)
Batting: LHB Ryan McMahon 0-0: Ball
1-0: Reached on error, E1 (Groundball, 13)
Monte Harrison scores
Batting: RHB Christian Walker 0-0: Ball
1-0: Called Strike
1-1: Foul Ball, location: 2F
1-2: Foul Ball, location: 2F
1-2: Strikes out swinging
Batting: LHB Josh Reddick 0-0: Ball
1-0: Ball
2-0: Ball
3-0: Base on Balls
Batting: RHB Tim Beckham 0-0: Ball
1-0: Ball
2-0: Ball
3-0: Base on Balls
Ryan McMahon to third
Josh Reddick to second
Batting: RHB Gleyber Torres 0-0: Fielders Choice at 2nd, 6-4 (Groundball, 6)
Ryan McMahon scores
Josh Reddick to third
Batting: LHB Isan Diaz 0-0: Called Strike
0-1: 3-RUN HOME RUN (Flyball, 89XD), Distance : 408 ft
Batting: RHB Brian Serven 0-0: Called Strike
0-1: Ball
1-1: Ball
2-1: SOLO HOME RUN (Line Drive, 7D), Distance : 377 ft
Batting: RHB Julio Teheran 0-0: Ball
1-0: Ground out 2-3 (Groundball, 2R)
Top of the 1st over - 6 runs, 2 hits, 2 errors, 0 left on base; Arizona 6 - Colorado 0
BOTTOM OF THE 1ST
Colorado Rockies batting - Pitching for Arizona Diamondbacks : RHP Julio Teheran
Pitching: RHP Julio Teheran
Batting: LHB Jake Bauers 0-0: Ball
1-0: Ball
2-0: Ball
3-0: Base on Balls
Batting: RHB Anthony Alford 0-0: Foul Ball, location: 2F
0-1: Reached on error, E5 (Groundball, 56)
Jake Bauers to second
Batting: RHB Mike Trout 0-0: Ball
1-0: Ball
2-0: Foul Ball, location: 2F
2-1: Foul Ball, location: 2F
2-2: 3-RUN HOME RUN (Flyball, 9LD), Distance : 358 ft
Batting: LHB Tommy La Stella 0-0: Ball
1-0: Ball
2-0: Foul Ball, location: 2F
2-1: Foul Ball, location: 2F
2-2: Fly out, F4 (Line Drive, 4)
Batting: RHB Jordy Mercer 0-0: Called Strike
0-1: Ground out 4-3 (Groundball, 4)
Batting: RHB Bryce Brentz 0-0: Ball
1-0: Ball
2-0: Fly out, F8 (Flyball, 8RS)
Bottom of the 1st over - 3 runs, 1 hit, 1 error, 0 left on base; Arizona 6 - Colorado 3
TOP OF THE 2ND
Arizona Diamondbacks batting - Pitching for Colorado Rockies : LHP CC Sabathia
Batting: RHB Monte Harrison 0-0: Ground out 6-3 (Groundball, 6)
Batting: LHB Ryan McMahon 0-0: Ball
1-0: Fly out, F9 (Flyball, 9LM)
Batting: RHB Christian Walker 0-0: Ball
1-0: Called Strike
1-1: SINGLE (Groundball, 56D)
Batting: LHB Josh Reddick 0-0: Called Strike
0-1: Ground out 4-3 (Groundball, 4)
Top of the 2nd over - 0 runs, 1 hit, 0 errors, 1 left on base; Arizona 6 - Colorado 3
BOTTOM OF THE 2ND
Colorado Rockies batting - Pitching for Arizona Diamondbacks : RHP Julio Teheran
Batting: RHB Martin Prado 0-0: Ball
1-0: Called Strike
1-1: Ball
2-1: Swinging Strike
2-2: Ball
3-2: Fly out, F9 (Flyball, 9S)
Batting: SHB Sandy Leon 0-0: Ball
1-0: Ball
2-0: Swinging Strike
2-1: Foul Ball, location: 2F
2-2: Ground out 5-3 (Groundball, 6)
Batting: LHB CC Sabathia 0-0: Called Strike
0-1: Swinging Strike
0-2: Ball
1-2: Ball
2-2: Strikes out looking
Bottom of the 2nd over - 0 runs, 0 hits, 0 errors, 0 left on base; Arizona 6 - Colorado 3
TOP OF THE 3RD
Arizona Diamondbacks batting - Pitching for Colorado Rockies : LHP CC Sabathia
Batting: RHB Tim Beckham 0-0: Ball
1-0: Ball
2-0: Called Strike
2-1: Called Strike
2-2: Fly out, F7 (Flyball, 78D)
Batting: RHB Gleyber Torres 0-0: Called Strike
0-1: Ground out 6-3 (Groundball, 6)
Batting: LHB Isan Diaz 0-0: Ball
1-0: Ground out U3 (Groundball, 34)
Top of the 3rd over - 0 runs, 0 hits, 0 errors, 0 left on base; Arizona 6 - Colorado 3
BOTTOM OF THE 3RD
Colorado Rockies batting - Pitching for Arizona Diamondbacks : RHP Julio Teheran
Batting: LHB Jake Bauers 0-0: Ball
1-0: Called Strike
1-1: Foul Ball, location: 2F
1-2: Ball
2-2: Foul Ball, location: 2F
2-2: Foul Ball, location: 2F
2-2: Foul Ball, location: 2F
2-2: Foul Ball, location: 2F
2-2: Ball
3-2: Foul Ball, location: 2F
3-2: Fly out, F5 (Popup, 56S)
Batting: RHB Anthony Alford 0-0: Called Strike
0-1: Ball
1-1: SOLO HOME RUN (Flyball, 9D), Distance : 368 ft
Batting: RHB Mike Trout 0-0: Ball
1-0: Ball
2-0: Swinging Strike
2-1: Foul Ball, location: 2F
2-2: Foul Ball, location: 2F
2-2: Ball
3-2: Foul Ball, location: 2F
3-2: Strikes out swinging
Batting: LHB Tommy La Stella 0-0: Ball
1-0: SINGLE (Flyball, 9LS)
Batting: RHB Jordy Mercer 0-0: Swinging Strike
0-1: Ball
1-1: Fly out, F7 (Flyball, 7LMF)
Bottom of the 3rd over - 1 run, 2 hits, 0 errors, 1 left on base; Arizona 6 - Colorado 4
TOP OF THE 4TH
Arizona Diamondbacks batting - Pitching for Colorado Rockies : LHP CC Sabathia
Batting: RHB Brian Serven 0-0: Foul Ball, location: 2F
0-1: Ball
1-1: Foul Ball, location: 2F
1-2: Ball
2-2: Strikes out swinging
Batting: RHB Julio Teheran 0-0: Ball
1-0: Called Strike
1-1: Ball
2-1: Called Strike
2-2: Fly out, F9 (Flyball, 9LM)
Pitching: RHP Tom Eshelman
Batting: RHB Monte Harrison 0-0: Ball
1-0: Swinging Strike
1-1: Called Strike
1-2: Foul Ball, location: 2F
1-2: Ground out 6-3 (Groundball, 56)
Top of the 4th over - 0 runs, 0 hits, 0 errors, 0 left on base; Arizona 6 - Colorado 4
BOTTOM OF THE 4TH
Colorado Rockies batting - Pitching for Arizona Diamondbacks : RHP Julio Teheran
Batting: RHB Bryce Brentz 0-0: Called Strike
0-1: Ball
1-1: Foul Ball, location: 2F
1-2: SINGLE (Groundball, 4MD)
Batting: RHB Martin Prado 0-0: Ball
1-0: Swinging Strike
Bryce Brentz steals 2nd base
1-1: Ball
2-1: Ball
3-1: Foul Ball, location: 2F
3-2: Base on Balls
Batting: SHB Sandy Leon 0-0: Called Strike
0-1: SINGLE (Line Drive, 4D)
Bryce Brentz to third
Martin Prado to second
Batting: RHB Tom Eshelman 0-0: Grounds into double play, 4-2-3 (Groundball, 4)
Martin Prado to third
Sandy Leon to second
Batting: LHB Jake Bauers 0-0: Ball
1-0: Ball
2-0: Called Strike
2-1: Ball
3-1: Foul Ball, location: 2F
3-2: Fly out, F7 (Line Drive, 7D)
Bottom of the 4th over - 0 runs, 2 hits, 0 errors, 2 left on base; Arizona 6 - Colorado 4
TOP OF THE 5TH
Arizona Diamondbacks batting - Pitching for Colorado Rockies : RHP Tom Eshelman
Batting: LHB Ryan McMahon 0-0: Ball
1-0: Ball
2-0: Ball
3-0: Called Strike
3-1: Ground out 4-3 (Groundball, 4)
Batting: RHB Christian Walker 0-0: Ball
1-0: Ball
2-0: Called Strike
2-1: Ball
3-1: Swinging Strike
3-2: Foul Ball, location: 2F
3-2: Strikes out swinging
Batting: LHB Josh Reddick 0-0: Called Strike
0-1: SINGLE (Flyball, 8LS)
Batting: RHB Tim Beckham 0-0: Foul Ball, location: 2F
0-1: Ball
1-1: DOUBLE (Groundball, 5L)
Josh Reddick to third
Runner from 3rd tries for Home, SAFE, no throw by LF
Batting: RHB Gleyber Torres 0-0: Called Strike
0-1: Ball
1-1: Foul Ball, location: 2F
1-2: Strikes out swinging
Top of the 5th over - 1 run, 2 hits, 0 errors, 1 left on base; Arizona 7 - Colorado 4
BOTTOM OF THE 5TH
Colorado Rockies batting - Pitching for Arizona Diamondbacks : RHP Julio Teheran
Batting: RHB Anthony Alford 0-0: SINGLE (Line Drive, 78S)
Batting: RHB Mike Trout 0-0: Called Strike
0-1: Foul Ball, location: 2F
0-2: 2-RUN HOME RUN (Flyball, 7D), Distance : 370 ft
Pitching: RHP Zach Petrick
Batting: LHB Tommy La Stella 0-0: Ball
1-0: Called Strike
1-1: Swinging Strike
1-2: Ball
2-2: Fly out, F8 (Flyball, 8LD)
Batting: RHB Jordy Mercer 0-0: Called Strike
0-1: Ball
1-1: SINGLE (Groundball, 3) (infield hit)
Batting: RHB Bryce Brentz 0-0: Ball
1-0: Called Strike
1-1: Called Strike
1-2: Fly out, F7 (Flyball, 7D)
Batting: RHB Martin Prado 0-0: Called Strike
0-1: Ground out 1-3 (Groundball, 15S)
Bottom of the 5th over - 2 runs, 3 hits, 0 errors, 1 left on base; Arizona 7 - Colorado 6
TOP OF THE 6TH
Arizona Diamondbacks batting - Pitching for Colorado Rockies : RHP Tom Eshelman
Batting: LHB Isan Diaz 0-0: Ball
1-0: Ball
2-0: Called Strike
2-1: Ball
3-1: Foul Ball, location: 2F
3-2: Foul Ball, location: 2F
3-2: Strikes out looking
Pitching: LHP Jorge De La Rosa
Batting: RHB Brian Serven 0-0: Called Strike
0-1: Ball
1-1: Ball
2-1: Ball
3-1: Swinging Strike
3-2: Strikes out swinging
Pinch Hitting: LHB Raimel Tapia 0-0: Ball
1-0: Ball
2-0: Foul Ball, location: 2F
2-1: Called Strike
2-2: Foul Ball, location: 2F
2-2: Ball
3-2: Fly out, F9 (Flyball, 9LM)
Top of the 6th over - 0 runs, 0 hits, 0 errors, 0 left on base; Arizona 7 - Colorado 6
BOTTOM OF THE 6TH
Colorado Rockies batting - Pitching for Arizona Diamondbacks : RHP Zach Petrick
Pitching: LHP Joe Thatcher
Batting: SHB Sandy Leon 0-0: Ball
1-0: Ball
2-0: Called Strike
2-1: Ball
3-1: Called Strike
3-2: Foul Ball, location: 2F
3-2: Fly out, F7 (Flyball, 7S)
Pinch Hitting: RHB Brandon Drury 0-0: Ball
1-0: Swinging Strike
1-1: Swinging Strike
1-2: Ball
2-2: Foul Ball, location: 2F
2-2: Ball
3-2: Foul Ball, location: 2F
3-2: Foul Ball, location: 2F
3-2: Strikes out swinging
Batting: LHB Jake Bauers 0-0: Called Strike
0-1: Ball
1-1: Ball
2-1: Called Strike
2-2: Foul Ball, location: 2F
2-2: Strikes out swinging
Bottom of the 6th over - 0 runs, 0 hits, 0 errors, 0 left on base; Arizona 7 - Colorado 6
TOP OF THE 7TH
Arizona Diamondbacks batting - Pitching for Colorado Rockies : LHP Jorge De La Rosa
Pitching: RHP Mike Fiers
Batting: RHB Monte Harrison 0-0: Ball
1-0: Ball
2-0: SINGLE (Groundball, 56D)
Batting: LHB Ryan McMahon 0-0: Ball
1-0: Ball
2-0: Called Strike
2-1: Fly out, F8 (Flyball, 89S)
Batting: RHB Christian Walker 0-0: Called Strike
0-1: Called Strike
0-2: Ball
Monte Harrison steals 2nd base (no throw)
1-2: Foul Ball, location: 2F
1-2: SINGLE (Line Drive, 9S)
Monte Harrison to third
Batting: LHB Josh Reddick 0-0: Ball
1-0: Ball
2-0: Called Strike
2-1: Ball
3-1: Fly out, F7 (Line Drive, 7S)
Runner from 3rd tags up, SCORES, throw by LF
Batting: RHB Tim Beckham 0-0: Ball
1-0: Ball
2-0: Called Strike
2-1: Ball
3-1: Foul Ball, location: 2F
3-2: Fly out, F8 (Flyball, 8LD)
Top of the 7th over - 1 run, 2 hits, 0 errors, 1 left on base; Arizona 8 - Colorado 6
BOTTOM OF THE 7TH
Colorado Rockies batting - Pitching for Arizona Diamondbacks : LHP Joe Thatcher
Pitching: LHP Dan Jennings
Batting: RHB Anthony Alford 0-0: Ball
1-0: Ball
2-0: Ball
3-0: Base on Balls
Batting: RHB Mike Trout 0-0: Swinging Strike
0-1: Ball
1-1: Ball
2-1: Ball
3-1: Base on Balls
Anthony Alford to second
Batting: LHB Tommy La Stella 0-0: Ball
1-0: Called Strike
1-1: Grounds into double play, 4-6-3 (Groundball, 34)
Anthony Alford to third
Batting: RHB Jordy Mercer 0-0: Ball
1-0: Ball
2-0: Ball
3-0: Base on Balls
Batting: RHB Bryce Brentz 0-0: Ball
1-0: Called Strike
1-1: Swinging Strike
1-2: Ball
2-2: Ball
3-2: Base on Balls
Jordy Mercer to second
Batting: RHB Martin Prado 0-0: Ball
1-0: Foul Ball, location: 2F
1-1: Ball
Passed Ball!
Anthony Alford scores
Jordy Mercer to third
Bryce Brentz to second
2-1: Foul Ball, location: 2F
2-2: Ball
3-2: Ground out 1-3 (Groundball, 15S)
Bottom of the 7th over - 1 run, 0 hits, 0 errors, 2 left on base; Arizona 8 - Colorado 7
TOP OF THE 8TH
Arizona Diamondbacks batting - Pitching for Colorado Rockies : RHP Mike Fiers
Pitching: RHP Joaquin Benoit
Batting: RHB Gleyber Torres 0-0: Called Strike
0-1: Ball
1-1: SINGLE (Line Drive, 6D)
Batting: LHB Isan Diaz 0-0: Ball
1-0: Sac Bunt to 5S - play at first, batter OUT! 5-4
Gleyber Torres to second
Batting: RHB Brian Serven 0-0: Ball
1-0: Foul Ball, location: 2F
1-1: Ball
2-1: Ball
3-1: Called Strike
3-2: Strikes out swinging
Pinch Hitting: LHB Alex Verdugo 0-0: Ball
1-0: Ground out 4-3 (Groundball, 4)
Top of the 8th over - 0 runs, 1 hit, 0 errors, 1 left on base; Arizona 8 - Colorado 7
BOTTOM OF THE 8TH
Colorado Rockies batting - Pitching for Arizona Diamondbacks : LHP Dan Jennings
Pitching: RHP Nick Gardewine
Batting: SHB Sandy Leon 0-0: Called Strike
0-1: Swinging Strike
0-2: Ball
1-2: Fly out, F5 (Popup, 5S)
Pinch Hitting: RHB Brandon Guyer 0-0: Swinging Strike
0-1: Foul Ball, location: 2F
0-2: Strikes out swinging
Batting: LHB Jake Bauers 0-0: Ball
1-0: Foul Ball, location: 2F
1-1: Fly out, F8 (Flyball, 8RD)
Bottom of the 8th over - 0 runs, 0 hits, 0 errors, 0 left on base; Arizona 8 - Colorado 7
TOP OF THE 9TH
Arizona Diamondbacks batting - Pitching for Colorado Rockies : RHP Joaquin Benoit
Pitching: RHP Tommy Hunter
Batting: RHB Monte Harrison 0-0: Swinging Strike
0-1: Ball
1-1: Called Strike
1-2: Ball
2-2: Foul Ball, location: 2F
2-2: Strikes out swinging
Batting: LHB Ryan McMahon 0-0: Ground out 5-3 (Groundball, 56)
Batting: RHB Christian Walker 0-0: Called Strike
0-1: Foul Ball, location: 2F
0-2: Ball
1-2: SINGLE (Line Drive, 9S)
Batting: LHB Josh Reddick 0-0: Swinging Strike
0-1: Ball
1-1: Ball
2-1: Foul Ball, location: 2F
2-2: Foul Ball, location: 2F
2-2: Foul Ball, location: 2F
2-2: Foul Ball, location: 2F
2-2: Fly out, F7 (Flyball, 7)
Top of the 9th over - 0 runs, 1 hit, 0 errors, 1 left on base; Arizona 8 - Colorado 7
BOTTOM OF THE 9TH
Colorado Rockies batting - Pitching for Arizona Diamondbacks : RHP Nick Gardewine
Pitching: RHP Jandel Gustave
Batting: RHB Anthony Alford 0-0: Called Strike
0-1: Called Strike
0-2: Ball
1-2: Ball
2-2: Fly out, F7 (Line Drive, 7)
Batting: RHB Mike Trout 0-0: Ball
1-0: Foul Ball, location: 2F
1-1: Ball
2-1: Ball
3-1: Base on Balls
Batting: LHB Tommy La Stella 0-0: Ball
1-0: Foul Ball, location: 2F
1-1: Foul Ball, location: 2F
1-2: Foul Ball, location: 2F
1-2: Strikes out swinging
Batting: RHB Jordy Mercer 0-0: Ball
1-0: SINGLE (Groundball, 6D)
Mike Trout to second
Runner from 2nd tries for 3rd, SAFE, throw by CF made to third
Batting: RHB Bryce Brentz 0-0: Ball
1-0: Ball
2-0: SINGLE (Groundball, 6MD)
Mike Trout scores
Jordy Mercer to second
Runner from 2nd tries for 3rd, OUT! 8-5
Bottom of the 9th over - 1 run, 2 hits, 0 errors, 1 left on base; Arizona 8 - Colorado 8
TOP OF THE 10TH
Arizona Diamondbacks batting - Pitching for Colorado Rockies : RHP Tommy Hunter
Pitching: RHP Mauricio Cabrera
Batting: RHB Tim Beckham 0-0: SINGLE (Groundball, 56D)
Batting: RHB Gleyber Torres 0-0: Sac Bunt to 15 - play at first, batter OUT! 1-4
Tim Beckham to second
Batting: LHB Isan Diaz 0-0: Intentional Walk
Pinch Hitting: LHB Tyler Wade 0-0: Fly out, F8 (Flyball, 8LD)
Pinch Hitting: SHB Francisco Mejia 0-0: Ball
1-0: Foul Ball, location: 2F
1-1: SINGLE (Line Drive, 9S)
Tim Beckham to third
Isan Diaz to second
Batting: RHB Monte Harrison 0-0: Called Strike
0-1: Ground out 4-3 (Groundball, 4S)
Top of the 10th over - 0 runs, 2 hits, 0 errors, 3 left on base; Arizona 8 - Colorado 8
BOTTOM OF THE 10TH
Colorado Rockies batting - Pitching for Arizona Diamondbacks : RHP Jandel Gustave
Pitching: RHP Jairo Diaz
Now at C: Tyler Wade
Batting: RHB Martin Prado 0-0: Ball
1-0: Fly out, F5 (Line Drive, 5)
Batting: SHB Sandy Leon 0-0: Ball
1-0: Called Strike
1-1: Foul Ball, location: 2F
1-2: Strikes out swinging
Pinch Hitting: RHB Jacob Stallings 0-0: Called Strike
0-1: Ground out 6-3 (Groundball, 6)
Bottom of the 10th over - 0 runs, 0 hits, 0 errors, 0 left on base; Arizona 8 - Colorado 8
TOP OF THE 11TH
Arizona Diamondbacks batting - Pitching for Colorado Rockies : RHP Mauricio Cabrera
Pitching: LHP Chris O'Grady
Batting: LHB Ryan McMahon 0-0: Ball
1-0: Ground out 5-3 (Groundball, 56)
Batting: RHB Christian Walker 0-0: SINGLE (Flyball, 7LS)
Batting: LHB Josh Reddick 0-0: Foul Ball, location: 2F
0-1: Ball
1-1: SINGLE (Flyball, 9S)
Christian Walker to second
Runner from 2nd tries for 3rd, SAFE, throw by RF made to third
Batting: RHB Tim Beckham 0-0: Ball
1-0: Called Strike
1-1: Foul Ball, location: 2F
1-2: Ball
2-2: Ball
3-2: Foul Ball, location: 2F
3-2: Base on Balls
Josh Reddick to second
Pitching: RHP Kazuhisa Makita
Batting: RHB Gleyber Torres 0-0: Ball
1-0: Ball
2-0: Called Strike
2-1: Foul Ball, location: 2F
2-2: Ball
3-2: Foul Ball, location: 2F
3-2: DOUBLE (Flyball, 8RXD)
Christian Walker scores
Josh Reddick scores
Tim Beckham to third
Runner from 3rd tries for Home, SAFE, no throw by CF
Batting: LHB Isan Diaz 0-0: Ground out 4-3 (Groundball, 34)
Gleyber Torres to third
Batting: LHB Tyler Wade 0-0: Called Strike
0-1: Ball
1-1: Foul Ball, location: 2F
1-2: Foul Ball, location: 2F
1-2: Fly out, F8 (Flyball, 8LD)
Top of the 11th over - 3 runs, 3 hits, 0 errors, 1 left on base; Arizona 11 - Colorado 8
BOTTOM OF THE 11TH
Colorado Rockies batting - Pitching for Arizona Diamondbacks : RHP Jairo Diaz
Batting: LHB Jake Bauers 0-0: Swinging Strike
0-1: Called Strike
0-2: Ball
1-2: Ground out 3-1 (Groundball, 34)
Batting: RHB Anthony Alford 0-0: Called Strike
0-1: Called Strike
0-2: Ground out 5-3 (Groundball, 56)
Batting: RHB Mike Trout 0-0: Ball
1-0: Foul Ball, location: 2F
1-1: Ball
2-1: Ball
3-1: Base on Balls
Batting: LHB Tommy La Stella 0-0: 2-RUN HOME RUN (Flyball, 9D), Distance : 376 ft
Batting: RHB Jordy Mercer 0-0: SINGLE (Line Drive, 5D)
Batting: RHB Bryce Brentz 0-0: Ball
1-0: Ball
2-0: SINGLE (Line Drive, 89D)
Jordy Mercer to second
Batting: RHB Martin Prado 0-0: Called Strike
0-1: Foul Ball, location: 2F
0-2: Foul Ball, location: 2F
0-2: Ball
1-2: Ball
2-2: Fielders Choice at 2nd, 6-4 (Groundball, 6)
Bottom of the 11th over - 2 runs, 3 hits, 0 errors, 2 left on base; Arizona 11 - Colorado 10
Friday, November 23rd, 2018 - OOTP Baseball 19.9 Build 117